 Dungeon Crawl Stone Soup version 0.24-a0-179-g7a2c91a (webtiles) character file.

Game seed: 17747119612287653596

1790 Ijustatesigmund the Sneak (level 9, -1/61 (62) HPs)
             Began as an Octopode Wizard on Mar 13, 2019.
             Slain by an ice beast (9 damage)
             ... on level 6 of the Dungeon.
             The game lasted 00:29:02 (10698 turns).

Ijustatesigmund the Sneak (Octopode Wizard)        Turns: 10698, Time: 00:29:04

HP:   -1/61 (62)    AC:  1    Str:  6    XL:     9   Next: 8%
MP:   6/15          EV: 15    Int: 20    God:
Gold: 297           SH:  0    Dex: 12    Spells: 10/16 levels left

rFire    . . .     SeeInvis .   s - +1 flail (protect)
rCold    . . .     Gourm    .   (no shield)
rNeg     . . .     Faith    .   a - +0 hat
rPois    .         Spirit   .   t - amulet of magic regeneration
rElec    .         Reflect  .   f - ring of resist corrosion
rCorr    +         Harm     .   (no ring)
MR       .....                  (no ring)
Stlth    ++++......             (no ring)
HPRegen  0.20/turn              (no ring)
MPRegen  0.39/turn              (no ring)
                                (no ring)
                                (no ring)

@: very slightly contaminated, lightly drained
A: almost no armour, stealthy swim, amphibious, 8 rings, constrict 8, camouflage
1, dopey 1, robust 1, gelatinous body 1
a: no special abilities


You were on level 6 of the Dungeon.
You were not hungry.

You visited 1 branch of the dungeon, and saw 7 of its levels.
You also visited: Sewer.

You collected 297 gold pieces.

Inventory:

Hand Weapons
 d - a +3 short sword of speed
 k - a +1 dagger of draining
 q - a +0 war axe of venom
 s - a +1 flail of protection (weapon)
Missiles
 p - 2 javelins (quivered)
Armour
 a - a +0 hat (worn)
Jewellery
 f - a ring of resist corrosion (left tentacle)
 h - an uncursed ring of ice
 t - an amulet of magic regeneration (around mantle)
Wands
 r - a wand of flame (15)
Scrolls
 g - a scroll of magic mapping
 j - 4 scrolls of remove curse
 l - 2 scrolls of identify
Potions
 i - a potion of cancellation
 m - a potion of lignification
 n - 2 potions of flight
 o - 5 potions of curing
 u - 2 potions of haste
Comestibles
 c - 5 rations


   Skills:
 - Level 3.2(2.7) Fighting
 - Level 5.0(4.8) Axes
 + Level 2.4(3.5) Maces & Flails
 + Level 4.9(4.4) Dodging
 + Level 5.6(5.1) Stealth
 - Level 4.0(3.5) Spellcasting
 - Level 3.5(3.0) Conjurations
   Level 1.0(0.5) Summonings
 - Level 3.2(2.7) Translocations
 + Level 3.8(3.3) Fire Magic


You had 10 spell levels left.
You knew the following spells:

 Your Spells              Type           Power        Failure   Level  Hunger
a - Magic Dart            Conj           ###.         3%          1    None
b - Blink                 Tloc           N/A          7%          2    ##.....
c - Conjure Flame         Conj/Fire      ###.....     11%         3    ###....

Your spell library contained the following spells:

 Spells                   Type           Power        Failure   Level  Hunger
 Flame Tongue             Conj/Fire      ###..        3%          1    None
 Throw Flame              Conj/Fire      ###...       5%          2    ##.....
 Searing Ray              Conj           ###...       6%          2    ##.....
 Corona                   Hex            #......      14%         1    None
 Call Imp                 Summ           #.......     16%         2    ##.....
 Ensorcelled Hibernation  Hex/Ice        #.....       21%         2    ##.....
 Slow                     Hex            #.......     21%         2    ##.....
 Inner Flame              Hex/Fire       ##......     21%         3    ###....
 Dazzling Spray           Conj/Hex       #.....       22%         3    ###....
 Mephitic Cloud           Conj/Pois/Air  #.......     26%         3    ###....
 Sticky Flame             Conj/Fire      ###.....     34%         4    ####...
 Iskenderun's Mystic Bla  Conj           ###.....     36%         4    ####...
 Confuse                  Hex            #.......     38%         3    ###....
 Tukima's Dance           Hex            #.......     38%         3    ###....
 Force Lance              Conj/Tloc      ###.....     38%         4    ####...
 Fulminant Prism          Conj/Hex       #.........   58%         4    ####...
 Fireball                 Conj/Fire      ###.......   69%         5    ######.


Dungeon Overview and Level Annotations

Branches:
Dungeon (7/15)             Temple (0/1) D:7

Altars:
Dithmenos
Hepliaklqana
Uskayaw
Vehumet
Wu Jian

Annotations:
D:6 2 transporters, PeterMcNeter's ghost, amateur GnWn
D:7 Menkaure


Innate Abilities, Weirdness & Mutations

You cannot wear most types of armour.
You are very stealthy in the water. (Stealth+)
You are amphibious.
You can wear up to eight rings at the same time.
You can use your tentacles to constrict eight enemies at once.
Your skin changes colour to match your surroundings (Stealth+).
Your rubbery body absorbs attacks. (AC +1, EV +1)
You are dopey. (Int -2)
You are robust. (+10% HP)


Message History

The ice beast misses you.
Casting: Magic Dart (safe; 3% risk of failure)
Confirm with . or Enter, or press ? or * to list all spells.
You blink.
Casting: Blink (safe; 7% risk of failure)
Confirm with . or Enter, or press ? or * to list all spells.
You blink.
Casting: Blink (safe; 7% risk of failure)
Confirm with . or Enter, or press ? or * to list all spells.
You blink.
The ice beast hits you. The ice beast freezes you!
* * * LOW HITPOINT WARNING * * *
Casting: Blink (safe; 7% risk of failure)
Confirm with . or Enter, or press ? or * to list all spells.
You miscast Blink.
The world appears momentarily distorted!
The ice beast hits you.
* * * LOW HITPOINT WARNING * * *
The ice beast freezes you!
You die...

#.....# #..^..# ####### #.....#
......# #...§.# ......# ##..§§.#
......# #.(_§§.# ......# #......#
......# #########......#########
......# #......@Y......'....)...
.....†# #.#....###.....#######..
..#+### #....#.# #.....# #..
....# #[#..#.######### #.# ....#
#.#..#........########.# #...#
#>...............#...#.# ....#
###..#..#.....##.#.#.#.#
....########..##.########.#.#....
)......#...............##...###.#


You could see an ice beast.

Vanquished Creatures
  Sigmund (D:2)
  Edmund (D:6)
  A black bear (D:6)
  3 ice beasts
  A necrophage (D:5)
  A big kobold (Sewer)
  A bullfrog (D:6)
  A gnoll sergeant (D:4)
  A scorpion (D:5)
  3 wights (D:6)
  A crimson imp (D:6)
  2 hounds
  A bullfrog skeleton (D:6)
  3 orc wizards
  Crazy Yiuf (D:2)
  Terence (D:3)
  A centaur skeleton (D:5)
  An iguana (D:4)
  4 worker ants
  Robin (D:2)
  5 adders
  6 gnolls
  A river rat (Sewer)
  A shadow imp (D:6)
  An ooze (D:5)
  An adder zombie (D:5)
  2 worms (D:2)
  2 dart slugs
  4 leopard geckos
  22 orcs
  5 giant cockroaches
  10 hobgoblins
  5 jackals
  15 kobolds
  3 quokkas
  4 ball pythons
  7 bats
  7 frilled lizards
  13 goblins
  A leopard gecko zombie (D:6)
  13 rats
  A fungus (D:2)
159 creatures vanquished.

Notes
Turn   | Place    | Note
-------+----------+-------------------------------------------
     0 | D:1      | Ijustatesigmund the Octopode Wizard began the quest for the
                  | Orb.
     0 | D:1      | Reached XP level 1. HP: 11/11 MP: 4/4
   516 | D:1      | Reached skill level 1 in Fighting
   516 | D:1      | Reached XP level 2. HP: 18/18 MP: 3/6
   520 | D:1      | Learned a level 2 spell: Blink
  1698 | D:2      | Reached XP level 3. HP: 23/23 MP: 3/7
  1870 | D:2      | Gained mutation: You are dopey. (Int -2) [potion of
                  | mutation]
  1870 | D:2      | Gained mutation: You are robust. (+10% HP) [potion of
                  | mutation]
  2020 | D:2      | Noticed Sigmund
  2029 | D:3      | Noticed Terence
  2243 | D:3      | Found a glowing drain.
  2252 | Sewer    | Entered a sewer
  2265 | Sewer    | Learned a level 3 spell: Conjure Flame
  2401 | Sewer    | Noticed a big kobold
  3113 | Sewer    | Reached XP level 4. HP: 31/31 MP: 5/8
  3664 | Sewer    | Killed a big kobold
  3664 | Sewer    | Reached XP level 5. HP: 8/38 MP: 0/9
  3896 | Sewer    | Found a white marble altar of Elyvilon.
  4109 | D:3      | Killed Terence
  4145 | D:3      | Found a faded altar of an unknown god.
  4336 | D:3      | Found a hazy altar of Hepliaklqana.
  4628 | D:4      | Reached XP level 6. HP: 37/46 MP: 10/10
  5138 | D:2      | Killed Sigmund
  5195 | D:2      | Noticed Robin
  5206 | D:2      | Reached XP level 7. HP: 38/50 MP: 7/11
  5218 | D:2      | Killed Robin
  5403 | D:2      | Found an ornate altar of the Wu Jian Council.
  5404 | D:2      | Found a radiant altar of Vehumet.
  5605 | D:2      | Found a runed translucent door.
  5606 | D:2      | Noticed Crazy Yiuf
  5612 | D:2      | Killed Crazy Yiuf
  5937 | D:4      | Reached skill level 5 in Axes
  6328 | D:5      | Entered Level 5 of the Dungeon
  6657 | D:5      | Reached skill level 1 in Fire Magic
  6657 | D:5      | Reached XP level 8. HP: 56/56 MP: 1/13
  7438 | D:5      | Found a hide-covered altar of Uskayaw.
  8397 | D:6      | Found a transporter.
  8413 | D:6      | Found a transporter.
  8416 | D:6      | Noticed PeterMcNeter's ghost (amateur GnWn)
  8419 | D:6      | Noticed a two-headed ogre
  8430 | D:6      | Noticed Edmund
  8443 | D:6      | Killed Edmund
  8630 | D:6      | Reached skill level 1 in Maces & Flails
  8634 | D:6      | Found a shadowy altar of Dithmenos.
  8695 | D:7      | Noticed Menkaure
  8862 | D:7      | Found a staircase to the Ecumenical Temple.
  9828 | D:6      | Reached skill level 5 in Stealth
 10099 | D:6      | Reached XP level 9. HP: 56/61 MP: 15/15
 10698 | D:6      | Slain by an ice beast

Levels and vault maps discovered:
D:1:      matt_arrival_los_fun, layout_loops_ring, minmay_pentomino_t2
D:2:      layout_loops_ring, gammafunk_temple_overflow_statue, uniq_robin,
          uniq_crazy_yiuf_cottage, uniq_sigmund
D:3:      layout_loops_ring, marbit_many_paths, portal_sewer_entry_e,
          chequers_ecumenical_altar_island, minmay_diced_spiral, uniq_terence
D:4:      layout_basic, first_ration
D:5:      layout_loops_corners, kennysheep_mini_moat, st_stairs_12
D:6:      layout_basic, gammafunk_ghost_smash, minmay_misc_feat_more_columns,
          grunt_dithmenos_smoke, uniq_edmund
D:7:      layout_cave_pools, minmay_temple_entry_water_ring, uniq_pikel,
          uniq_menkaure
Sewer:    sewer_kobolds

Skill      XL: |  1  2  3  4  5  6  7  8 |
---------------+-------------------------+-----
Fighting       | 1 2 3 |  3.2
Conjurations   | 2 3 |  3.5
Translocations | 2 3 |  3.2
Axes           | 3 5 |  5.0
Dodging        | 3 4 |  4.9
Fire Magic     | 1 3 |  3.8
Spellcasting   | 4 |  4.0
Stealth        | 5 |  5.6
Maces & Flails | 2 |  2.4
Summonings     | |  1.0

Action                   |  1- 3 |  4- 6 |  7- 9 || total
-------------------------+-------+-------+-------++-------
Melee: Club              |    19 |    17 |       ||    36
       Constrict         |     7 |    23 |    49 ||    79
       Tentacles         |     1 |    16 |    36 ||    53
       Dagger            |       |    68 |       ||    68
       War axe           |       |    27 |   115 ||   142
       Flail             |       |       |    99 ||    99
Throw: Javelin           |       |       |    11 ||    11
 Cast: Magic Dart        |   115 |    47 |    78 ||   240
       Blink             |       |     1 |    16 ||    17
       Conjure Flame     |       |       |     7 ||     7
  Use: Scroll            |     7 |     6 |    11 ||    24
       Potion            |     2 |     1 |     3 ||     6
 Stab: Sleeping          |     1 |     7 |     8 ||    16
       Invisible         |       |     1 |       ||     1
       Distracted        |       |       |     1 ||     1
  Eat: Chunk             |     5 |     2 |     8 ||    15
       Ration            |     1 |     1 |     3 ||     5
Armor: Skin              |     4 |     5 |    31 ||    40
Dodge: Dodged            |    18 |    58 |   170 ||   246

Table legend:
 A = Non-vault XP
 B = Vault XP
 C = Vault XP percentage of total XP
 D = Non-vault monster count
 E = Vault monster count
 F = Vault count percentage of total count
                 A         B        C        D         E       F
            +---------+---------+-------+---------+---------+-------
      Total |    1883 |     675 |  26.4 |     115 |      43 |  27.2
            +---------+---------+-------+---------+---------+-------
        D:1 |      25 |       3 |  10.7 |      16 |       2 |  11.1
        D:2 |      32 |     301 |  90.4 |      16 |      13 |  44.8
        D:3 |      52 |      85 |  62.0 |      21 |      15 |  41.7
        D:4 |     316 |       0 |   0.0 |      12 |       0 |   0.0
        D:5 |     484 |       0 |   0.0 |      19 |       0 |   0.0
        D:6 |     974 |     157 |  13.9 |      31 |       1 |   3.1
      Sewer |       0 |     129 | 100.0 |       0 |      12 | 100.0
            +---------+---------+-------+---------+---------+-------
